Map: [ESL] Royal Blood

Players

DnS

  • Race: Protoss Protoss
  • Spawn Location: 7:00

Clem - Winner!

  • Race: Terran Terran
  • League: Grandmaster
  • Spawn Location: 1:00

Event: HomeStory Cup XXIII

VOD

Have the link to the VOD?

Description

Time

  • Played on: July 1, 2023, 7:44 a.m.
  • Length: 10:29

All games in this series

Show
View Real Time Build Order
Export as new Build Order

DnS Protoss 

Build Orders: 1 Gate Expand, Oracle Opening, Phoenix Opening 

Get SALT Encoding   

  12  0:00  Probe  
  13  0:12  Probe  
  14  0:20  Pylon  
  14  0:24  Probe  
  15  0:39  Probe (Chrono Boost)  
  15  0:40  Assimilator  
  15  0:42  Gateway  
  16  0:47  Probe (Chrono Boost)  
  17  0:53  Probe  
  18  1:05  Probe  
  19  1:17  Probe  
  20  1:20  Nexus  
  20  1:31  Cybernetics Core  
  20  1:34  Probe  
  20  1:39  Assimilator  
  21  1:46  Probe  
  22  1:49  Pylon  
  22  1:57  Pylon  
  22  2:00  Probe  
  23  2:05  Adept (Chrono Boost)  
  25  2:18  Stargate  
  25  2:20  Probe  
  25  2:25  Warp Gate  
  25  2:28  Adept (Chrono Boost)  
  25  2:35  Probe  
  28  2:40  Probe  
  29  2:47  Probe  
  30  2:52  Adept  
  30  2:54  Probe  
  33  2:59  Probe  
  33  3:01  Oracle (Chrono Boost)  
  37  3:06  Probe  
  37  3:11  Probe  
  39  3:18  Probe  
  40  3:21  Shield Battery  
  40  3:23  Probe  
  41  3:30  Phoenix (Chrono Boost), Probe  
  44  3:36  Probe  
  45  3:42  Probe  
  45  3:44  Gateway  
  45  3:48  Probe  
  47  3:54  Probe  
  48  3:56  Phoenix  
  48  4:00  Probe  
  51  4:06  Probe  
  50  4:12  Probe  
  50  4:15  Stalker  
  53  4:18  Nexus, Probe  
  53  4:23  Pylon  
  53  4:27  Probe  
  53  4:29  Pylon  
  54  4:32  Robotics Facility  
  54  4:38  Pylon  
  54  4:40  Assimilator  
  54  4:41  Probe  
  54  4:43  Assimilator  
  54  4:44  Phoenix  
  54  4:45  Probe  
  58  4:55  Probe  
  58  4:59  Stalker x2  
  61  5:11  Probe x2  
  63  5:14  Phoenix  
  63  5:17  Immortal (Chrono Boost)  
  69  5:23  Probe  
  70  5:30  Probe  
  70  5:32  Pylon  
  70  5:34  Probe  
  72  5:37  Pylon, Robotics Bay  
  72  5:41  Probe  
  72  5:42  Probe  
  74  5:46  Probe (Chrono Boost)  
  76  5:58  Probe (Chrono Boost), Observer  
  76  6:00  Probe x2 (Chrono Boost)  
  78  6:06  Probe (Chrono Boost)  
  78  6:08  Probe x2 (Chrono Boost)  
  81  6:12  Probe  
  82  6:19  Probe x2  
  82  6:21  Colossus (Chrono Boost), Shield Battery  
  82  6:23  Pylon, Shield Battery  
  82  6:24  Probe  
  91  6:30  Sentry x2  
  91  6:31  Probe x2  
  93  6:33  Pylon  
  93  6:37  Probe  
  93  6:43  Probe x2  
  95  6:49  Probe  
  95  6:51  Pylon  
  95  6:53  Zealot, Sentry  
  100  6:55  Probe x2, Phoenix  
  100  7:01  Probe  
  105  7:03  Gateway  
  105  7:04  Pylon  
  105  7:07  Probe  
  106  7:08  Colossus (Chrono Boost)  
  112  7:21  Twilight Council  
  112  7:23  Phoenix  
  112  7:24  Forge  
  112  7:32  Zealot x2  
  100  7:42  Probe  
  100  7:43  Probe x2  
  101  7:48  Phoenix, Shield Battery  
  101  7:49  Charge (Chrono Boost)  
  101  7:51  Gateway  
  103  7:52  Gateway  
  103  7:54  Gateway  
  103  7:55  Gateway  
  103  7:56  Colossus (Chrono Boost)  
  103  7:58  Gateway  
  109  7:59  Pylon  
  109  8:03  Probe x3  
  109  8:05  Photon Cannon  
  112  8:10  Protoss Ground Weapons Level 1 (Chrono Boost)  
  112  8:12  Sentry  
  114  8:13  Zealot x2  
  118  8:21  Assimilator  
  118  8:22  Assimilator  
  112  8:34  Zealot x2  
  112  8:37  Observer  
  112  8:40  Phoenix  
  116  8:48  Probe x3  
  117  8:50  Assimilator  
  117  8:51  Warp Prism, Assimilator  
  119  9:00  Probe  
  120  9:03  Nexus  
  120  9:04  Probe  
  120  9:05  Phoenix (Chrono Boost), Pylon  
  120  9:07  Templar Archives  
  123  9:10  Probe  
  124  9:20  Pylon  
  124  9:21  Pylon x2  
  124  9:22  Pylon  
  124  9:25  Zealot x4  
  132  9:34  Shield Battery  
  132  9:35  Probe  
  132  9:37  Pylon  
  134  9:38  Phoenix, Probe  
  134  9:41  Sentry  
  134  9:42  Stalker, Sentry  
  132  9:46  Zealot  
  132  9:47  Probe, Zealot  
  132  9:48  Probe  
  130  9:57  High Templar x2  
  130  9:58  Stalker  
  118  10:01  Archon  
Show
View Real Time Build Order
Export as new Build Order

Clem Terran - Winner!

Build Orders: Gas First Reaper Expand, Banshee Rush 

Get SALT Encoding   

  12  0:00  SCV  
  13  0:12  SCV  
  14  0:17  Supply Depot  
  14  0:24  SCV  
  15  0:31  Refinery  
  15  0:38  SCV  
  16  0:43  Barracks  
  16  0:50  SCV  
  17  1:02  SCV  
  18  1:14  SCV  
  19  1:30  Orbital Command, Reaper  
  20  1:40  Command Center  
  20  1:48  Supply Depot  
  20  1:58  Factory  
  20  2:03  SCV  
  21  2:10  Barracks Reactor  
  21  2:15  SCV  
  22  2:21  Refinery  
  22  2:27  SCV  
  23  2:39  SCV  
  24  2:50  Starport  
  28  2:51  Hellion x2  
  28  2:52  SCV  
  28  2:55  Orbital Command  
  29  3:03  Barracks Tech Lab  
  29  3:04  SCV  
  34  3:12  Hellion x2  
  34  3:16  SCV  
  35  3:20  SCV  
  36  3:28  SCV, Supply Depot  
  36  3:32  Cloaking Field, SCV  
  38  3:35  Banshee  
  38  3:40  SCV  
  42  3:45  Factory Tech Lab  
  42  3:46  SCV  
  43  3:49  Marine x2  
  43  3:55  SCV, Supply Depot  
  46  3:58  SCV  
  47  4:03  Cyclone  
  47  4:07  Marine x2  
  52  4:11  SCV  
  52  4:12  SCV  
  52  4:13  Supply Depot  
  54  4:19  Banshee  
  54  4:23  SCV  
  58  4:25  Barracks, Marine x2  
  58  4:27  SCV  
  61  4:35  SCV, Supply Depot  
  62  4:41  SCV  
  62  4:43  Marine x2  
  62  4:45  Barracks  
  65  4:46  Siege Tank  
  65  4:47  SCV  
  65  4:50  Refinery  
  67  4:53  SCV  
  67  4:58  Engineering Bay  
  67  4:59  SCV  
  69  5:05  SCV  
  67  5:07  Marine x2  
  67  5:11  SCV  
  67  5:12  Starport Reactor  
  70  5:15  Refinery, Supply Depot  
  70  5:17  SCV  
  70  5:19  Stimpack, Marauder  
  73  5:23  SCV  
  73  5:25  Marine x2  
  73  5:27  Terran Infantry Weapons Level 1  
  76  5:28  Supply Depot  
  76  5:34  Factory Reactor  
  76  5:38  Supply Depot  
  76  5:43  Marine x2  
  76  5:44  Marauder  
  76  5:46  SCV x2  
  76  5:48  Combat Shield  
  76  5:49  Marauder  
  84  5:52  Medivac  
  84  5:56  Supply Depot  
  86  6:01  Marine x2  
  86  6:02  Medivac  
  86  6:08  Command Center  
  86  6:11  Missile Turret  
  86  6:15  Missile Turret  
  86  6:17  Widow Mine x2  
  89  6:20  Marine x2  
  89  6:23  Marauder  
  89  6:25  Marauder  
  95  6:28  SCV  
  96  6:35  Medivac x2  
  96  6:38  Marine x2, Supply Depot  
  99  6:41  Widow Mine  
  99  6:44  Widow Mine, Marine  
  104  6:50  Barracks  
  104  6:51  Barracks  
  104  6:54  Marauder  
  106  6:58  SCV, Missile Turret  
  106  6:59  SCV  
  108  7:03  Concussive Shells  
  108  7:05  Marine, Supply Depot  
  108  7:06  Marine  
  110  7:09  Marauder  
  110  7:14  Widow Mine x2  
  116  7:16  Medivac  
  116  7:19  Medivac  
  116  7:20  Marine  
  116  7:22  SCV, Marine  
  122  7:23  SCV  
  122  7:24  SCV  
  117  7:32  Marauder  
  114  7:39  Marine  
  114  7:41  Marauder, SCV  
  114  7:43  SCV  
  117  7:47  Widow Mine, Barracks Tech Lab  
  115  7:51  Barracks Reactor  
  115  7:52  Viking x2  
  115  7:53  SCV  
  115  7:54  Marauder  
  115  7:55  Terran Infantry Armor Level 1  
  115  7:56  SCV  
  115  7:57  SCV  
  124  8:01  Marine x2  
  124  8:02  Marauder  
  124  8:05  Supply Depot  
  128  8:06  SCV  
  128  8:09  Widow Mine, SCV, Supply Depot  
  129  8:13  Marauder  
  129  8:15  Refinery  
  129  8:16  Refinery  
  131  8:20  Orbital Command  
  131  8:21  Marine x2  
  131  8:23  Marauder, SCV  
  136  8:32  Widow Mine x2, Marine x2  
  136  8:33  Marauder  
  143  8:38  Armory, Ghost Academy  
  143  8:39  Engineering Bay  
  140  8:47  Viking x2  
  135  8:52  SCV  
  135  8:53  SCV x2  
  135  8:54  Marine x3  
  145  8:55  Marauder  
  145  8:56  Marauder x2  
  145  9:01  Marine  
  152  9:03  Widow Mine x2  
  152  9:05  Supply Depot  
  152  9:09  Supply Depot  
  152  9:16  Ghost x2  
  153  9:17  Ghost  
  153  9:21  Supply Depot  
  153  9:22  Viking  
  157  9:27  Viking  
  157  9:28  Supply Depot  
  159  9:32  Command Center  
  158  9:40  Supply Depot  
  158  9:41  Sensor Tower  
  158  9:44  Marine  
  155  9:46  Ghost  
  155  9:48  Marine  
  155  9:51  Ghost  
  155  9:52  Marine  
  158  9:56  Marine x2  
  146  10:06  Marine  
Tags
 
Add a new tag
Caveats
  • Supply blocks, unpowered buildings, or Contaminate may cause inaccurate times.
  • Supply counts are checked every 10 seconds.